 Dungeon Sprint DCSS version 0.21.1-72-gffa868e0fe (webtiles) character file.

344 Osmon the Basher (level 6, -14/99 (100) HPs)
             Began as a Minotaur Berserker on Aug 3, 2018.
             Was a Believer of Trog.
             Demolished by a tyrant leech (19 damage)
             ... in the Dungeon (Sprint II: "The Violet Keep of Menkaure").
             The game lasted 00:02:00 (423 turns).

Osmon the Basher (Minotaur Berserker)                Turns: 423, Time: 00:02:01

HP:   -14/99 (100)  AC:  2    Str: 26    XL:     6   Next: 31%
MP:   5/5           EV: 14    Int:  4    God:    Trog [**....]
Gold: 243           SH:  0    Dex: 12    Spells: 5/5 levels left

rFire    . . .     SeeInvis .   a - +0 mace
rCold    . . .     Gourm    .   (no shield)
rNeg     . . .     Faith    .   b - +0 animal skin
rPois    .         Spirit   .   (helmet restricted)
rElec    .         Reflect  .   (no cloak)
rCorr    .         Harm     .   (no gloves)
MR       .....     NoTele   +   (no boots)
Stlth    ..........             (no amulet)
HPRegen  0.26/turn              (no ring)
MPRegen  0.09/turn              (no ring)

@: berserking (expiring), very quick
A: retaliatory headbutt, horns 2
a: Berserk, Trog's Hand, Burn Spellbooks, Renounce Religion


You were in the Dungeon.
You worshipped Trog.
Trog was pleased with you.
You were not hungry.

You visited 1 branch You collected 243 gold pieces.

Inventory:

Hand Weapons
 a - a +0 mace (weapon)
Armour
 b - a +0 animal skin (worn)
Scrolls
 i - a scroll of blinking
Potions
 d - a potion of curing
 f - a potion of haste
 g - 2 potions of magic
 h - a potion of berserk rage
Comestibles
 c - a ration


   Skills:
 + Level 10.5 Fighting
 + Level 10.6 Maces & Flails
 + Level 5.6 Armour
 + Level 5.5 Dodging


You had 5 spell levels left.
You didn't know any spells.

Dungeon Overview and Level Annotations

Branches:
Dungeon (1/1)

Altars:


Innate Abilities, Weirdness & Mutations

You reflexively headbutt those who attack you in melee.
You have a pair of horns on your head.


Message History

The tyrant leech is moderately wounded.
You barely miss the tyrant leech. Your headbutt misses the tyrant leech.
The tyrant leech is moderately wounded.
The tyrant leech misses you.
You bludgeon the tyrant leech!!
The tyrant leech is severely wounded.
You sock the tyrant leech!
The tyrant leech is severely wounded.
You thump the tyrant leech!
The tyrant leech is almost dead.
The tyrant leech bites you!!
* * * LOW HITPOINT WARNING * * *
The tyrant leech draws strength from your injuries!
You are too berserk!
You closely miss the tyrant leech.
The tyrant leech is almost dead.
You barely miss the tyrant leech.
The tyrant leech is almost dead.
The tyrant leech bites you!!
You die...

##+##
##.#.##
#..#..#
#...# #
##'## .##
##.##...#
+.<@w#
##.##w..#
#+# .## #


You could see 2 tyrant leeches.

Vanquished Creatures
  4 necrophages (D)
4 creatures vanquished.

Notes
Turn   | Place    | Note
-------+----------+-------------------------------------------
     0 | D        | Osmon the Minotaur Berserker began the quest for the Orb.
     0 | D        | Reached XP level 1. HP: 19/19 MP: 0/0
     1 | D        | Noticed a necrophage
     1 | D        | Noticed a necrophage
     1 | D        | Noticed a necrophage
     1 | D        | Noticed a necrophage
     9 | D        | Killed a necrophage
     9 | D        | Reached XP level 2. HP: 26/34 MP: 1/1
     9 | D        | Reached XP level 3. HP: 30/39 MP: 2/2
     9 | D        | Reached XP level 4. HP: 36/47 MP: 3/3
    12 | D        | Killed a necrophage
    12 | D        | Reached XP level 5. HP: 37/57 MP: 4/4
    19 | D        | HP: 2/54 [necrophage (3)]
    24 | D        | Killed a necrophage
    24 | D        | Reached ** piety under Trog
    24 | D        | Reached skill level 5 in Armour
    24 | D        | Reached skill level 5 in Dodging
    27 | D        | HP: 2/57 [necrophage (5)]
    28 | D        | Killed a necrophage
    28 | D        | Reached skill level 10 in Fighting
    28 | D        | Reached skill level 10 in Maces & Flails
    28 | D        | Reached XP level 6. HP: 3/66 MP: 5/5
   408 | D        | Noticed a tyrant leech
   408 | D        | Noticed a tyrant leech
   423 | D        | Demolished by a tyrant leech

Skill      XL: |  1  2  3  4  5 |
---------------+----------------+-----
Fighting       | 7 9 10 | 10.5
Maces & Flails | 7 9 10 | 10.6
Armour         | 4 5 |  5.6
Dodging        | 3 4 5 |  5.5

Action                   |  1- 3 |  4- 6 || total
-------------------------+-------+-------++-------
Melee: Mace              |     6 |    25 ||    31
       Headbutt          |     1 |     2 ||     3
Invok: Berserk           |     1 |     1 ||     2
  Use: Potion            |       |     1 ||     1
Armor: Animal skin       |     1 |     3 ||     4
Dodge: Dodged            |     4 |     9 ||    13
